 Dungeon Crawl Stone Soup version 0.28.0-45-g0d030f2227 (webtiles) character file.

Game seed: 17075814827085972189

961 protoss039 the Firebug (level 8, -2/44 HPs)
             Began as a Gargoyle Fire Elementalist on Apr 24, 2022.
             Slain by an iron imp (6 damage)
             ... summoned by Eustachio
             ... on level 5 of the Dungeon.
             The game lasted 00:07:47 (7081 turns).

protoss039 the Firebug (Gargoyle Fire Elementalist) Turns: 7081, Time: 00:07:48

Health: -2/44      AC: 11    Str: 12    XL:     8   Next: 15%
Magic:  0/15       EV: 11    Int: 18    God:
Gold:   210        SH:  0    Dex: 10    Spells: 4/17 levels left

rFire   . . .      SeeInvis +   j - +5 dagger
rCold   . . .      Faith    .   (no shield)
rNeg    + . .      Spirit   .   h - +0 leather armour
rPois   ∞          Reflect  .   w - +0 helmet
rElec   +          Harm     .   (no cloak)
rCorr   .          Rampage  .   q - +0 pair of gloves
Will    +....                   m - +0 pair of boots
Stlth   ++........              (no amulet)
HPRegen 0.14/turn               r - ring of willpower
MPRegen 0.14/turn               n - ring of see invisible

@: no status effects
A: sickness immunity, AC +5, negative energy resistance 1, electricity
resistance, torment resistance 1, petrification resistance
a: no special abilities


You were on level 5 of the Dungeon.
You visited 1 branch of the dungeon, and saw 5 of its levels.

You collected 210 gold pieces.

Inventory:

Hand Weapons
 j - a +5 dagger (weapon)
 t - a +1 vorpal hand axe
Armour
 h - a +0 leather armour (worn)
 i - a +0 ring mail
 m - a +0 pair of boots (worn)
 q - a +0 pair of gloves (worn)
 w - a +0 helmet (worn)
Jewellery
 n - a ring of see invisible (right hand)
 r - a ring of willpower (left hand)
Wands
 u - a wand of paralysis (14)
Scrolls
 a - a scroll of holy word
 b - a scroll of silence {unknown}
 c - a scroll of brand weapon {unknown}
 f - a scroll of acquirement {unknown}
 g - 3 scrolls of identify
 k - 2 scrolls of noise {unknown}
 l - a scroll of amnesia {unknown}
 s - a scroll of vulnerability {unknown}
 v - 2 scrolls of teleportation {unknown}
Potions
 d - 6 potions of curing
 e - a potion of heal wounds
 o - a potion of attraction
 p - a potion of berserk rage


   Skills:
 * Level 2.3 Fighting
 - Level 1.5 Dodging
 - Level 2.1 Stealth
 + Level 5.0 Spellcasting
 + Level 5.5 Conjurations
 + Level 5.9 Fire Magic


You had 4 spell levels left.
You knew the following spells:

 Your Spells              Type           Power      Damage    Failure   Level
a - Foxfire               Conj/Fire      100%       2x1d9     1%          1
b - Scorch                Fire           50%        2d7       2%          2
c - Conjure Flame         Conj/Fire      25%        6-21      4%          3
d - Inner Flame           Hex/Fire       15%        N/A       16%         3
e - Flame Wave            Conj/Fire      25%        2d7       16%         4

Your spell library contained the following spells:

 Spells                   Type           Power      Damage    Failure   Level
 Beastly Appendage        Tmut           8%         N/A       17%         1
 Blink                    Tloc           8%         N/A       26%         2
 Ensorcelled Hibernation  Hex/Ice        8%         N/A       26%         2
 Wereblood                Tmut           4%         N/A       26%         2
 Gell's Gravitas          Tloc           4%         N/A       45%         3
 Lesser Beckoning         Tloc           4%         N/A       45%         3
 Spider Form              Tmut/Pois      4%         N/A       45%         3
 Teleport Other           Tloc           4%         N/A       45%         3
 Anguish                  Hex/Necr       2%         N/A       86%         4
 Manifold Assault         Tloc           4%         N/A       99%         5
 Dispersal                Tloc           2%         N/A       100%        6


Dungeon Overview and Level Annotations

Branches:
Dungeon (5/15)
 Temple: D:4-7

Altars:

Annotations:
D:5 Blork the orc, Eustachio, Pikel


Innate Abilities, Weirdness & Mutations

You are immune to sickness and miasma.
Your stone body is resilient. (AC +5)
You are immune to poison.
You resist negative energy. (rN+)
You are resistant to electric shocks. (rElec)
You are resistant to unholy torment.
You are immune to petrification.


Message History

Unknown command.
You hit Eustachio.
Eustachio is almost dead.
Eustachio hits you with a +3 falchion of protection.
The iron imp closely misses you. The iron imp completely misses you.
The river rat closely misses you.
The crimson imp hits you but does no damage.
Unknown command.
You hit Eustachio but do no damage.
Eustachio is almost dead.
Eustachio gestures wildly while chanting.
Eustachio blinks!
The crimson imp hits you but does no damage.
The river rat barely misses you.
Unknown command.
The iron imp hits you. The iron imp hits you!
Unknown command.
Unknown command.
Casting: Scorch (safe; 2% risk of failure)
Confirm with . or Enter, or press ? or * to list all spells.
You don't have enough magic to cast this spell.
Unknown command.
Unknown command.
Casting: Scorch (safe; 2% risk of failure)
Confirm with . or Enter, or press ? or * to list all spells.
You conjure some foxfire!
Eustachio is no longer more vulnerable to fire.
The foxfire hits the crimson imp.
The crimson imp completely resists.
The iron imp closely misses you. The iron imp hits you.
* * * LOW HITPOINT WARNING * * *
The river rat completely misses you.
Unknown command.
Unknown command.
You barely miss Eustachio.
Eustachio is almost dead.
The foxfire hits the iron imp but does no damage.
Eustachio hits you with a +3 falchion of protection.
* * * LOW HITPOINT WARNING * * *
The iron imp hits you.
You die...

########### ######
#.......... #.....#####
#..........
#.........####..........
#............##########.
#............#..........
#.....@@5....#..........
#.....r55.####..........
#.........####..........
#............#..........
#.....##.....#..........
#..... #.....##.........
###... #.............###
#... #.....##..##.....
#. ............##.....


You could see Eustachio, 2 iron imps, a crimson imp (summoned) and a river rat
(summoned).

Vanquished Creatures
  Menkaure (D:5)
  A sky beast (D:4)
  An orc warrior (D:3)
  A necrophage (D:3)
  3 phantoms
  A lemure (D:5)
  A scorpion (D:5)
  A hound (D:4)
  3 orc priests
  An iguana (D:4)
  An orc wizard (D:3)
  3 adders
  An ufetubus (D:5)
  A dart slug (D:5)
  14 orcs
  4 endoplasms
  2 giant cockroaches
  7 goblins
  5 hobgoblins
  6 quokkas
  11 ball pythons
  7 bats
  7 frilled lizards
  8 kobolds
  6 rats
97 creatures vanquished.

Vanquished Creatures (others)
  304 foxfires
304 creatures vanquished.

Grand Total: 401 creatures vanquished

Notes
Turn   | Place    | Note
-------+----------+-------------------------------------------
     0 | D:1      | protoss039 the Gargoyle Fire Elementalist began the quest
                  | for the Orb.
     0 | D:1      | Reached XP level 1. HP: 10/10 MP: 3/3
   186 | D:1      | Reached XP level 2. HP: 5/15 MP: 0/5
   985 | D:1      | Reached XP level 3. HP: 9/19 MP: 0/6
  1046 | D:1      | Learned a level 2 spell: Scorch
  1357 | D:1      | Found a faded altar of an unknown god.
  2361 | D:3      | Reached XP level 4. HP: 17/24 MP: 8/8
  2759 | D:3      | Noticed a necrophage
  2768 | D:3      | Killed a necrophage
  2769 | D:3      | Reached XP level 5. HP: 22/28 MP: 1/9
  3351 | D:3      | Reached XP level 6. HP: 32/32 MP: 8/11
  4099 | D:4      | Noticed a sky beast
  4111 | D:4      | Killed a sky beast
  4255 | D:4      | Reached skill level 5 in Fire Magic
  4369 | D:4      | Reached XP level 7. HP: 36/36 MP: 6/13
  5383 | D:5      | Entered Level 5 of the Dungeon
  5606 | D:5      | Noticed Menkaure
  5609 | D:5      | Killed Menkaure
  5610 | D:5      | Reached skill level 5 in Conjurations
  5680 | D:5      | Noticed Pikel
  5698 | D:5      | HP: 1/36 [lemure[Pikel] (7)]
  5706 | D:5      | Noticed Blork the orc
  5884 | D:4      | Learned a level 3 spell: Conjure Flame
  5888 | D:4      | Learned a level 3 spell: Inner Flame
  5893 | D:4      | Learned a level 4 spell: Flame Wave
  6039 | D:3      | Reached skill level 1 in Fighting
  6379 | D:5      | Reached XP level 8. HP: 35/44 MP: 2/15
  6660 | D:5      | Reached skill level 5 in Spellcasting
  7060 | D:5      | Noticed Eustachio
  7081 | D:5      | Slain by an iron imp

Illustrated notes

Levels and vault maps discovered:
D:1:      pf_arrival_petrified_forest, layout_rooms,
          chequers_ecumenical_altar_island
D:2:      layout_rooms, grunt_decor_one_mirror
D:3:      layout_basic
D:4:      layout_basic, grunt_ministairs_15
D:5:      layout_basic, nicolae_fountain_basement, uniq_blork_the_orc,
          uniq_menkaure, uniq_eustachio, uniq_pikel

Skill      XL: |  1  2  3  4  5  6  7  8 |
---------------+-------------------------+-----
Conjurations   | 2 3 4 5 |  5.5
Spellcasting   | 3 4 5 |  5.0
Fire Magic     | 4 5 |  5.9
Fighting       | 1 2 |  2.3
Dodging        | |  1.5
Stealth        | |  2.1

Action                   |  1- 3 |  4- 6 |  7- 9 || total
-------------------------+-------+-------+-------++-------
Melee: Dagger            |    43 |     9 |    18 ||    70
       Punch             |     1 |       |     1 ||     2
       Short sword       |    14 |    16 |       ||    30
 Cast: Foxfire           |    88 |    28 |    56 ||   172
       Scorch            |       |    26 |    30 ||    56
  Use: Scroll            |       |     5 |       ||     5
       Potion            |       |       |     1 ||     1
 Stab: Sleeping          |       |     1 |       ||     1
Armor: Robe              |    23 |       |       ||    23
       Leather armour    |     7 |    21 |    21 ||    49
Dodge: Dodged            |    53 |    22 |    54 ||   129
